AoeStats
← leoxantho

Migration

507295425Analyzed
1v1 RM · 16d ago on Sep 17, 2026· 38m 44s· 2 players
Game mode
Random Map
Map size
132×132
Population
200
Speed
Normal
Resources
Standard
Victory
Conquest
Starting age
Dark Age
Ending age
Imperial Age
RankedLock teamsTeams togetherTeam positionsShared explorationLock speedFull tech treeHidden civsTurbo modeCheats
Victory
Defeat
🇬🇷 Lithuanians · Greece
610
+19
🇦🇺 Persians · Australia
683
-29
leoxantho
9:04 Loom
11:26 Feudal Age
18:52 Castle Age
18:27 Double-Bit Axe
18:59 Horse Collar
20:36 Medium Warships
20:52 Bow Saw
27:16 Heavy Plow
34:45 Imperial Age
32:03 Town Watch
32:56 Wheelbarrow
36:42 Elite Leitis
chris03yg
11:11 Feudal Age
11:31 Double-Bit Axe
11:33 Horse Collar
11:42 Fishing Lines
15:40 Wheelbarrow
15:43 Gold Mining
16:13 Stone Mining
22:17 Castle Age
24:16 Gillnets
24:28 Town Watch
25:20 Husbandry
24:48 Pikeman
25:29 Squires
24:56 Elite Skirmisher
26:29 Loom
27:25 Bow Saw
29:21 Hand Cart
29:08 Town Patrol
30:13 Heavy Plow
35:36 Imperial Age
34:03 Stone Shaft Mining
34:03 Gold Shaft Mining
34:30 Kamandaran
35:13 Medium Warships
35:49 Cavalier
36:42 Halberdier
36:47 Crossbowman
39:13 Two-Man Saw
38:30 Thumb Ring
37:52 Savar
Connection lost

Rejoining the realm…

Still unreachable

The connection could not be restored.

Session expired

The server has moved on; the page needs a fresh start.